 Dungeon Sprint DCSS version 0.26-a0-720-g2a1d101370 (webtiles) character file.

Game seed: 13406772685408021189

43 rocky1 the Shield-Bearer (level 3, -1/29 HPs)
             Began as a Formicid Fighter on Nov 3, 2020.
             Slain by a phantom (5 damage)
             ... in the Dungeon (Sprint IX: "|||||||||||||||||||||||||||||").
             The game lasted 00:00:31 (105 turns).

rocky1 the Shield-Bearer (Formicid Fighter)          Turns: 105, Time: 00:00:32

Health: -1/29      AC:  6    Str: 21    XL:     3   Next: 82%
Magic:  3/3        EV:  9    Int:  7    God:
Gold:   0          SH: 10    Dex: 10    Spells: 2/2 levels left

rFire    . . .     SeeInvis +   a - +0 long sword
rCold    . . .     Faith    .   c - +0 kite shield
rNeg     . . .     Spirit   .   b - +0 scale mail
rPois    .         Reflect  .   (helmet unavailable)
rElec    .         Harm     .   (no cloak)
rCorr    .         Rampage  .   (no gloves)
MR       .....                  (no boots)
Stlth    ..........             (no amulet)
HPRegen  0.09/turn              (no ring)
MPRegen  0.08/turn              (no ring)

@: lethally poisoned (-1 -> -8)
A: permanent stasis, dig shafts and tunnels, four strong arms, antennae 3
a: Dig


You were in the Dungeon.
You visited 1 branch

Inventory:

Hand Weapons
 a - a +0 long sword (weapon)
Armour
 b - a +0 scale mail (worn)
 c - a +0 kite shield (worn)
Potions
 d - a potion of might
 g - 2 potions of magic


   Skills:
 - Level 3.2 Fighting
 + Level 5.1 Long Blades
 - Level 3.2 Armour
 + Level 6.8 Shields


You had 2 spell levels left.
You didn't know any spells.
Your spell library was empty.

Dungeon Overview and Level Annotations

Branches:
Dungeon (1/1)

Altars:


Innate Abilities, Weirdness & Mutations

You cannot be hasted, slowed, berserked, paralysed or teleported.
You can dig through walls and to a lower floor.
Your four strong arms can wield two-handed weapons with a shield.
You have a pair of large antennae on your head. (SInv)


Message History

The scorpion is heavily wounded.
You block the scorpion's attack. x2
You closely miss the scorpion.
The scorpion is heavily wounded.
The scorpion stings you.
* * * LOW HITPOINT WARNING * * *
You hit the scorpion.
The scorpion is severely wounded.
The phantom hits you but does no damage.
You block the scorpion's attack.
You barely miss the scorpion.
The scorpion is severely wounded.
You block the phantom's attack. The scorpion closely misses you.
You barely miss the scorpion.
The scorpion is severely wounded.
You block the phantom's attack. The scorpion stings you.
* * * LOW HITPOINT WARNING * * *
You are lethally poisoned!
The scorpion poisons you! The phantom hits you.
You die...

▓+▓
▓.▓
▓.▓
{
▓.▓
▓Z▓
▓s▓
▓@▓
▓W▓
▓.▓
▓.▓
▓.▓
▓.▓
▓)▓
▓.▓
▓.▓


You could see a phantom, a scorpion and a bat zombie.

Vanquished Creatures
  A jelly (D)
  A white imp (D)
  A giant cockroach (D)
  2 goblins (D)
  A jackal (D)
  A frilled lizard (D)
7 creatures vanquished.

Notes
Turn   | Place    | Note
-------+----------+-------------------------------------------
     0 | D        | rocky1 the Formicid Fighter began the quest for the Orb.
     0 | D        | Reached XP level 1. HP: 18/18 MP: 1/1
     9 | D        | Reached skill level 4 in Shields
    19 | D        | Reached XP level 2. HP: 19/24 MP: 2/2
    85 | D        | Noticed a scorpion
    85 | D        | Noticed a phantom
    93 | D        | Reached skill level 5 in Shields
    98 | D        | Reached skill level 5 in Long Blades
    98 | D        | Reached skill level 6 in Shields
    98 | D        | Reached XP level 3. HP: 3/29 MP: 3/3
   105 | D        | Slain by a phantom

Illustrated notes

Levels and vault maps discovered:
D:        linesprint [early_d, line_temple, items_1, d_10, items_2, lair_1,
          lair_end, items_3, orc_1, orc_end, items_4, d_15, swamp_1, shoals_1,
          snake_1, spider_1, d_20, vaults_1, items_5, swamp_end, shoals_end,
          snake_end, spider_end, vaults_end, d_27, items_6, zot_1, zot_end,
          crypt_end, forest_end, elf_end, slime_end, tomb_end, abyss_end,
          pan_hell_end]

Skill      XL: |  1  2 |
---------------+-------+-----
Shields        | 4 6 |  6.8
Long Blades    | 3 5 |  5.1
Fighting       | |  3.2
Armour         | |  3.2

Action                   || total
-------------------------++-------
Melee: Long sword        ||    33
  Use: Potion            ||     2
Armor: Scale mail        ||    11
Dodge: Dodged            ||     5
Block: Kite shield       ||    17
       Rpst.: Long sword ||     1

Table legend: (Time is in decaauts)
 A = Elapsed time spent in this place.
 B = Non-inter-level travel time spent in this place.
 C = Inter-level travel time spent in this place.
 D = Time resting spent in this place.
 E = Time spent auto-exploring this place.
 F = Levels seen in this place.
 G = Mean time per level.
                   A        B        C        D        E       F      G
               +--------+--------+--------+--------+--------+-----+--------+
         Total |    114 |    114 |      0 |     59 |      0 |   1 |  114.0 |
       Dungeon |    114 |    114 |      0 |     59 |      0 |   1 |  114.0 |
               +--------+--------+--------+--------+--------+-----+--------+

Top non-repeatable levels by time:
       D: 114 daAuts
